 Dungeon Crawl Stone Soup version 0.30.1-11-g7821555f0a (webtiles) character file.

Game seed: 2007879260040014394

88 Cheops the Sneak (level 4, -4/27 HPs)
             Began as an Octopode Hedge Wizard on Dec 2, 2023.
             Slain by a river rat (8 damage)
             ... on level 4 of the Dungeon.
             The game lasted 00:08:21 (3581 turns).

Cheops the Sneak (Octopode Hedge Wizard)            Turns: 3581, Time: 00:08:21

Health: -4/27      AC:  1    Str:  9    XL:     4   Next: 53%
Magic:  16/17      EV: 13    Int: 18    God:
Gold:   148        SH:  0    Dex: 11    Spells: 1/9 levels left

rFire   . . .        a - +0 dagger
rCold   . . .        (no shield)
rNeg    . . .        b - +0 hat
rPois   .            (no amulet)
rElec   .            e - ring of magical power
rCorr   .            (no ring)
SInv    .            (no ring)
Will    .....        (no ring)
Stlth   +++          (no ring)
HPRegen 0.24/turn    (no ring)
MPRegen 0.15/turn    (no ring)
                     (no ring)

%: no passive effects
@: very slightly contaminated
A: almost no armour, amphibious, 8 rings, camouflage 1, gelatinous body 1,
(nimble swimmer 1), tentacles
a: no special abilities


You were on level 4 of the Dungeon.
You visited 1 branch of the dungeon, and saw 4 of its levels.

You collected 148 gold pieces.

Inventory:

Hand Weapons
 a - a +0 dagger (weapon)
Armour
 b - a +0 hat (worn)
Jewellery
 e - a ring of magical power (left tentacle)
Scrolls
 o - a scroll of poison
 p - a scroll of enchant armour {unknown}
 r - a scroll of teleportation {unknown}
 t - 2 scrolls of amnesia {unknown}
Potions
 d - 3 potions of curing
 f - a potion of might {unknown}
 g - a potion of heal wounds {unknown}
 i - a potion of lignification {unknown}
 j - a potion of haste {unknown}
 l - 2 potions of flight {unknown}
 n - 2 potions of degeneration {unknown}
 q - a potion of resistance {unknown}
 s - a potion of brilliance {unknown}
 u - 2 potions of mutation {unknown}


   Skills:
 - Level 2.0 Dodging
 + Level 4.3 Stealth
 - Level 3.0 Spellcasting
 * Level 3.5 Conjurations
 - Level 1.0 Summonings
 - Level 1.0 Translocations


You had one spell level left.
You knew the following spells:

 Your Spells              Type           Power      Damage    Failure   Level
a - Magic Dart            Conj           60%        1d6       3%          1
m - Mephitic Cloud        Conj/Pois/Air  6%         N/A       30%         3
B - Blink                 Tloc           12%        N/A       16%         2
I - Call Imp              Summ           12%        N/A       16%         2

Your spell library contained the following spells:

 Spells                   Type           Power      Damage    Failure   Level
 Summon Small Mammal      Summ           24%        N/A       11%         1
 Slow                     Hex            8%         N/A       16%         1
 Cigotuvi's Dreadful Rot  Necr/Pois/Air  4%         N/A       24%         2
 Call Canine Familiar     Summ           6%         N/A       32%         3
 Summon Guardian Golem    Hex/Summ       4%         N/A       36%         3


Dungeon Overview and Level Annotations

Branches:
Dungeon (4/15)             Temple (0/1) D:4

Altars:
Hepliaklqana
Qazlal
Zin

Annotations:
D:2 exclusion: 4 gnolls


Innate Abilities, Weirdness & Mutations

You cannot wear most types of armour.
You are amphibious.
You can wear up to eight rings at the same time.
Your skin changes colour to match your surroundings (Stealth+).
Your rubbery body absorbs attacks. (AC +1, EV +1)
((You are camouflaged when in or above water. (Stealth+)))
You have tentacles for arms and can constrict up to eight enemies at once.


Message History

Aiming: Magic Dart (safe; 3% risk of failure)
Press: ? - help, Shift-Dir - straight line, f/p - river rat
Aim: a river rat (severely wounded, 100% to hit)
You miscast Magic Dart.
You are very lightly contaminated with residual magic.
Nothing appears to happen.
The rat barely misses you. The river rat bites you.
* * * LOW HITPOINT WARNING * * *
Casting: Magic Dart (safe; 3% risk of failure)
Confirm with . or Enter, or press ? or * to list all spells.
Aiming: Magic Dart (safe; 3% risk of failure)
Press: ? - help, Shift-Dir - straight line, f/p - river rat
Aim: a river rat (severely wounded, 100% to hit)
You miscast Magic Dart.
Nothing appears to happen.
The rat completely misses you. The river rat bites you.
* * * LOW HITPOINT WARNING * * *
It was a potion of curing.
You feel better. The rat bites you.
* * * LOW HITPOINT WARNING * * *
The river rat barely misses you. Magic courses through your body.
The rat bites you.
* * * LOW HITPOINT WARNING * * *
The river rat barely misses you.
Casting: Magic Dart (safe; 3% risk of failure)
Confirm with . or Enter, or press ? or * to list all spells.
Aiming: Magic Dart (safe; 3% risk of failure)
Press: ? - help, Shift-Dir - straight line, f/p - river rat
Aim: a river rat (severely wounded, 100% to hit)
The magic dart hits the river rat but does no damage.
The river rat is severely wounded.
The rat bites you.
* * * LOW HITPOINT WARNING * * *
The river rat misses you.
Casting: Magic Dart (safe; 3% risk of failure)
Confirm with . or Enter, or press ? or * to list all spells.
Aiming: Magic Dart (safe; 3% risk of failure)
Press: ? - help, Shift-Dir - straight line, f/p - river rat
Aim: a river rat (severely wounded, 100% to hit)
The magic dart hits the river rat.
The river rat is almost dead.
The rat barely misses you. The river rat bites you!
You die...

,<,,.....*..).*..,,*
,,,,.....##..##.,,**
,,........,....,,,,*
,*#.......##..##,***
,,.............##*
,,..............#
,,..............#
,,......###.....###
,,[.......#....r@.#
,,.#.###.......r.##
,,,*,,*##........#
,,,*,** ##.)..####
,*,,,,**#....##
***,,,,....###
~,,,,.....##***
~~~.......*,,,**
~~~S......,,,,,*


You could see a river rat and a rat.

Vanquished Creatures
  Jessica (D:3)
  An adder (D:2)
  A dart slug (D:3)
  2 worms (D:2)
  An orc (D:3)
  5 ball pythons
  10 bats
  5 endoplasms
  2 giant cockroaches
  3 goblins (D:2)
  3 hobgoblins
  A kobold (D:4)
  A quokka (D:2)
  4 frilled lizards
  4 rats
44 creatures vanquished.

Notes
Turn   | Place    | Note
-------+----------+-------------------------------------------
     0 | D:1      | Cheops the Octopode Hedge Wizard began the quest for the
                  | Orb.
     0 | D:1      | Reached XP level 1. HP: 11/11 MP: 4/4
   184 | D:1      | Reached skill level 3 in Stealth
   516 | D:1      | Found a faded altar of an unknown god.
   648 | D:2      | Reached XP level 2. HP: 17/17 MP: 4/6
  1070 | D:2      | Reached XP level 3. HP: 2/21 MP: 3/7
  2280 | D:2      | Learned a level 2 spell: Call Imp
  2284 | D:2      | Learned a level 3 spell: Mephitic Cloud
  2287 | D:2      | Learned a level 2 spell: Blink
  2425 | D:3      | Found a hazy altar of Hepliaklqana.
  2471 | D:3      | Found a glowing silver altar of Zin.
  2679 | D:3      | Noticed Jessica
  2684 | D:3      | Killed Jessica
  2685 | D:3      | Reached skill level 4 in Stealth
  2685 | D:3      | Reached XP level 4. HP: 27/27 MP: 8/8
  2730 | D:3      | Found a stormy altar of Qazlal.
  3382 | D:3      | Identified a scroll of acquirement
  3386 | D:3      | Acquired a ring of magical power
  3548 | D:4      | Noticed a black bear
  3581 | D:4      | Slain by a river rat

Illustrated notes

Levels and vault maps discovered:
D:1:      lightli_arrival_noodles, layout_loops_ring,
          dreamdust_ecumenical_altar_statues
D:2:      layout_basic
D:3:      layout_loops_corners, mainiacjoe_overflow_paths, lemuel_crystal_altar,
          nicolae_overflow_hidden_temple, grunt_decor_junction,
          nicolae_concentric_dashed_squares_mild, nicolae_figureground_pulse,
          uniq_jessica
D:4:      layout_cave_pools, minmay_temple_entry_statues_fountains,
          portal_sewer_entry_b

Skill      XL: |  1  2  3 |
---------------+----------+-----
Stealth        | 3 4 |  4.3
Conjurations   | 2 3 |  3.5
Dodging        | |  2.0
Spellcasting   | |  3.0
Summonings     | |  1.0
Translocations | |  1.0

Action                     |  1- 3 |  4- 6 || total
---------------------------+-------+-------++-------
  Melee: Dagger            |    23 |    13 ||    36
         Tentacles         |     5 |     2 ||     7
         Constrict         |     5 |     1 ||     6
   Cast: Magic Dart        |    48 |    27 ||    75
    Use: Scroll            |       |     7 ||     7
         Potion            |       |     2 ||     2
   Stab: Sleeping          |     6 |     5 ||    11
 Armour: Skin              |     2 |       ||     2
  Dodge: Dodged            |     6 |    24 ||    30
